 Dungeon Crawl Stone Soup version 0.28-a0-726-g4a9143789a (webtiles) character file.

Game seed: 6340715199756666123

20974 ytrimaz the Severer (level 13, -1/95 (102) HPs)
             Began as a Formicid Fighter on Oct 27, 2021.
             Was a High Priest of Okawaru.
             Slain by a meliai (3 damage)
             ... on level 14 of the Dungeon.
             The game lasted 00:22:09 (16881 turns).

ytrimaz the Severer (Formicid Fighter)             Turns: 16881, Time: 00:22:09

HP:   -1/95 (102)   AC: 21    Str: 26    XL:     13   Next: 16%
MP:   17/19         EV: 11    Int:  8    God:    Okawaru [*****.]
Gold: 775           SH:  5    Dex: 10    Spells: 12/12 levels left

rFire   + + +      SeeInvis +   a - +3 war axe (flame)
rCold   + . .      Faith    .   c - +0 buckler
rNeg    . . .      Spirit   .   h - +3 chain mail {rPois}
rPois   +          Reflect  .   (helmet unavailable)
rElec   .          Harm     .   p - scarf {rC+ rF+}
rCorr   .          Rampage  .   I - +2 pair of gloves
Will    +....                   (no boots)
Stlth   ..........              H - amulet of regeneration
HPRegen 1.25/turn               f - ring of protection from fire
MPRegen 0.16/turn               q - ring of protection from fire

@: heroic, drained
A: permanent stasis, dig shafts and tunnels, antennae 3, four strong arms
a: Dig, Shaft Self, Renounce Religion, Heroism, Finesse, Duel


You were on level 14 of the Dungeon.
You worshipped Okawaru.
Okawaru was extremely pleased with you.
You visited 2 branches of the dungeon, and saw 15 of its levels.

You collected 775 gold pieces.

Inventory:

Hand Weapons
 a - a +3 war axe of flaming (weapon)
 n - the +9 war axe of Pieruomp {venom, rF- rC+ Will+ Str+3}
   (You found it on level 4 of the Dungeon)

   It poisons the flesh of those it strikes.
   Str:       It affects your strength (+3).
   rF:        It makes you vulnerable to fire.
   rC:        It protects you from cold.
   Will:      It increases your willpower.
 t - a +3 dire flail of holy wrath
 A - a +0 battleaxe
Armour
 c - a +0 buckler (worn)
 h - a +3 chain mail of poison resistance (worn)
 p - a scarf of resistance (worn)
 s - +0 steam dragon scales
 D - a +0 kite shield
 I - a +2 pair of gloves (worn)
Jewellery
 e - a ring of ice
 f - a ring of protection from fire (left hand)
 q - a ring of protection from fire (right hand)
 F - an amulet of faith
 H - an amulet of regeneration (around neck)
Wands
 m - a wand of digging (3)
 v - a wand of iceblast (28)
 y - a wand of flame (56)
 E - a wand of mindburst (15)
Scrolls
 d - 2 scrolls of fear
 j - 2 scrolls of magic mapping
 k - 2 scrolls of noise
 l - 9 scrolls of identify
 u - a scroll of silence {unknown}
 x - a scroll of acquirement
 z - a scroll of enchant weapon
Potions
 b - 3 potions of brilliance
 g - a potion of flight
 i - a potion of resistance
 o - a potion of attraction
 r - a potion of curing
 w - 2 potions of mutation
 B - a potion of haste {unknown}
 C - a potion of ambrosia {unknown}
 G - 2 potions of heal wounds


   Skills:
 + Level 9.7(14.7) Fighting
 + Level 15.6(20.6) Axes
 * Level 13.5(18.5) Armour
 - Level 3.6(8.6) Shields
 * Level 9.1 Invocations


You had 12 spell levels left.
You didn't know any spells.
Your spell library contained the following spells:

 Spells                   Type           Power      Damage    Failure   Level
 Apportation              Tloc           0%         N/A       80%         1
 Corpse Rot               Necr/Air       0%         N/A       91%         2
 Static Discharge         Conj/Air       0%         N/A       91%         2
 Sublimation of Blood     Necr           0%         N/A       91%         2
 Wereblood                Tmut           0%         N/A       91%         2
 Dispel Undead            Necr           0%         3d6       100%        4
 Petrify                  Tmut/Erth      0%         N/A       100%        4
 Sticky Flame             Conj/Fire      0%         2d3       100%        4
 Irradiate                Conj/Tmut      0%         3d13      100%        5
 Animate Skeleton         Necr           Unusable   N/A       N/A         1
 Summon Small Mammal      Summ           Unusable   N/A       N/A         1
 Death Channel            Necr           Unusable   N/A       N/A         6
 Summon Hydra             Summ           Unusable   N/A       N/A         7

Dungeon Overview and Level Annotations

Branches:
Dungeon (14/15)            Temple (1/1) D:7            Lair (0/6) D:11
    Orc (0/2) D:10
 Vaults: D:13-14

Altars:
Ashenzari
Cheibriados
Dithmenos
Elyvilon
Fedhas
Gozag
Hepliaklqana
Kikubaaqudgha
Makhleb
Nemelex Xobeh
Okawaru
Qazlal
Ru
Sif Muna
Trog
Uskayaw
Vehumet
Wu Jian
Xom
Yredelemnul
Zin
The Shining One

Shops:
D:6 (

Portals:
Trove: D:12 (give hand axe of the Lurker)


Innate Abilities, Weirdness & Mutations

You cannot be hasted, slowed, berserked, paralysed or teleported.
You can dig through walls and to a lower floor.
You have a pair of large antennae on your head. (SInv)
Your four strong arms can wield two-handed weapons with a shield.


Message History

The meliai hits you with a +2 war axe of draining!
* * * LOW HITPOINT WARNING * * *
You feel drained.
* * * LOW HITPOINT WARNING * * *
You block the meliai's attack. The meliai hits you but does no damage.
The meliai stings you but does no damage.
The meliai calls down the wrath of its god upon you.
Something smites you!
* * * LOW HITPOINT WARNING * * *
The meliai hits you with a +2 war axe of draining.
* * * LOW HITPOINT WARNING * * *
You feel drained.
* * * LOW HITPOINT WARNING * * *
The meliai misses you. The meliai barely misses you. x2
You feel much better. The meliai barely misses you.
The meliai stings you but does no damage.
The meliai mumbles some strange prayers to its god against you.
Something smites you!
* * * LOW HITPOINT WARNING * * *
The meliai hits you but does no damage.
The meliai stings you but does no damage.
The meliai hits you with a +0 war axe!
* * * LOW HITPOINT WARNING * * *
The meliai stings you.
* * * LOW HITPOINT WARNING * * *
The meliai invokes the aid of its god against you.
Something smites you!
* * * LOW HITPOINT WARNING * * *
An acid dragon comes into view.
The meliai closely misses you. The meliai barely misses you.
You slash the meliai! You burn the meliai.
You kill the meliai!
Okawaru accepts your kill.
You hit the meliai. You burn the meliai.
Your chain mail prevents you from hitting the meliai.
The meliai hits you with a +0 war axe!
* * * LOW HITPOINT WARNING * * *
The meliai stings you but does no damage.
The meliai closely misses you. The meliai stings you.
You die...

{ #
.D#.############
...............#
#....zy@y....... #
.....T)#.##.......
. #.#....#.# #.#.#
# #.####.# #.#.# #
#
#.#####...#######
#.......^......<.
####.##..#.######
###.##..# #.<
#..<....# # #.#


You could see a skeletal warrior, a troll, an acid dragon and 2 meliai.

Vanquished Creatures
  Gastronok (D:12)
  3 hydras
  A boulder beetle (D:14)
  Erica (D:8)
  3 two-headed ogres
  4 skeletal warriors
  2 deep elf pyromancers (D:13)
  A cyclops (D:12)
  Maurice (D:9)
  An unseen horror (D:12)
  3 gargoyles
  An efreet (D:9)
  A meliai (D:14)
  3 trolls
  A hornet (D:10)
  A vampire (D:12)
  2 shadows (D:12)
  2 wyverns (D:8)
  A basilisk (D:13)
  A wraith (D:9)
  Eustachio (D:6)
  4 steam dragons
  8 vampire mosquitoes
  Edmund (D:5)
  An acid dragon (D:7)
  A sky beast (D:5)
  10 orc warriors
  A black bear (D:11)
  6 ogres
  3 centaurs
  A phantom (D:3)
  6 kobold brigands
  2 bullfrogs
  5 gnoll sergeants (D:10)
  A wyvern zombie (D:7)
  5 scorpions
  3 water moccasin zombies
  A water moccasin skeleton (D:6)
  18 killer bees
  5 wights (D:8)
  6 centaur zombies
  2 howler monkeys
  3 orc priests
  5 hounds
  2 centaur skeletons (D:7)
  2 gnoll shamans
  3 bullfrog skeletons
  Jessica (D:2)
  2 iguanas (D:5)
  Natasha (thrice) (D:2)
  12 orc wizards
  A killer bee zombie (D:8)
  8 gnolls
  Robin (D:2)
  A howler monkey skeleton (D:6)
  7 adders
  A shadow imp (D:5)
  2 ufetubi (D:6)
  2 worms
  A dart slug (D:3)
  27 orcs
  10 ball pythons
  6 endoplasms
  7 giant cockroaches
  18 goblins
  17 hobgoblins
  5 jackals
  2 quokkas
  5 bats
  2 frilled lizards
  22 kobolds
  5 rats
308 creatures vanquished.

Vanquished Creatures (others)
  A slime creature (D:9)
  14 fungi (D:11)
  22 plants (D:11)
37 creatures vanquished.

Grand Total: 345 creatures vanquished

Notes
Turn   | Place    | Note
-------+----------+-------------------------------------------
     0 | D:1      | ytrimaz the Formicid Fighter began the quest for the Orb.
     0 | D:1      | Reached XP level 1. HP: 18/18 MP: 1/1
   251 | D:1      | Reached XP level 2. HP: 24/24 MP: 2/2
   467 | D:1      | Reached XP level 3. HP: 30/30 MP: 3/3
   985 | D:2      | Noticed Jessica
   991 | D:2      | Killed Jessica
   992 | D:2      | Reached XP level 4. HP: 36/37 MP: 4/4
  1005 | D:2      | Noticed Natasha
  1018 | D:2      | Killed Natasha
  1019 | D:2      | Reached skill level 3 in Axes
  1218 | D:2      | Found a faded altar of an unknown god.
  1275 | D:2      | Noticed Natasha
  1282 | D:2      | Killed Natasha
  1283 | D:2      | Reached XP level 5. HP: 37/42 MP: 5/5
  1289 | D:2      | Noticed Robin
  1318 | D:2      | Killed Robin
  1728 | D:2      | Noticed Natasha
  1737 | D:2      | Killed Natasha
  2324 | D:3      | Reached XP level 6. HP: 48/48 MP: 6/6
  2332 | D:3      | Reached skill level 5 in Armour
  2465 | D:3      | Found a sacrificial altar of Ru.
  2510 | D:3      | Reached skill level 4 in Axes
  3535 | D:4      | Identified the +9 war axe of Pieruomp {venom, rF- rC+ Will+
                  | Str+3}
  3640 | D:4      | Noticed an ogre
  3645 | D:4      | Killed an ogre
  3646 | D:4      | Reached skill level 5 in Axes
  3646 | D:4      | Reached XP level 7. HP: 35/55 MP: 7/7
  3991 | D:5      | Entered Level 5 of the Dungeon
  4092 | D:5      | Reached skill level 5 in Fighting
  4176 | D:5      | Noticed Edmund
  4181 | D:5      | Reached skill level 6 in Axes
  4202 | D:5      | Reached XP level 8. HP: 6/62 MP: 8/8
  4206 | D:5      | You fall into a shaft and drop 3 floors!
  4606 | D:8      | Noticed a wyvern
  4616 | D:8      | Killed a wyvern
  4897 | D:7      | Found a staircase to the Ecumenical Temple.
  4906 | Temple   | Entered the Ecumenical Temple
  4968 | Temple   | Became a worshipper of Warmaster Okawaru
  5052 | D:7      | Reached skill level 7 in Axes
  5596 | D:7      | Reached XP level 9. HP: 59/69 MP: 9/9
  5856 | D:6      | Reached skill level 8 in Axes
  5856 | D:6      | Reached skill level 1 in Invocations
  5872 | D:6      | Reached * piety under Okawaru
  6561 | D:6      | Found Radyth's Weapon Shop.
  6668 | D:6      | Noticed Eustachio
  6686 | D:6      | Killed Eustachio
  6750 | D:5      | Killed Edmund
  6751 | D:5      | Reached skill level 9 in Axes
  6842 | D:5      | Reached ** piety under Okawaru
  8086 | D:8      | Reached XP level 10. HP: 67/77 MP: 11/13
  8216 | D:8      | Noticed Erica
  8228 | D:8      | Killed Erica
  8228 | D:8      | Reached *** piety under Okawaru
  8229 | D:8      | Reached skill level 10 in Axes
  8457 | D:8      | Reached skill level 5 in Invocations
  8539 | D:8      | Identified a scroll of acquirement
  8539 | D:8      | Acquired a manual of Axes
  9136 | D:9      | Noticed Maurice
  9144 | D:9      | Killed Maurice
  9338 | D:9      | Noticed a two-headed ogre
  9347 | D:9      | Killed a two-headed ogre
  9348 | D:9      | Reached skill level 11 in Axes
  9590 | D:9      | Noticed an efreet
  9597 | D:9      | Reached XP level 11. HP: 49/85 MP: 12/15
  9598 | D:9      | Reached **** piety under Okawaru
  9695 | D:9      | Reached skill level 12 in Axes
 10030 | D:9      | Noticed a two-headed ogre
 10050 | D:9      | Killed a two-headed ogre
 10440 | D:10     | Entered Level 10 of the Dungeon
 10651 | D:10     | Reached skill level 10 in Armour
 10657 | D:10     | Reached skill level 13 in Axes
 11484 | D:10     | Found a staircase to the Orcish Mines.
 12392 | D:11     | Noticed a skeletal warrior
 12393 | D:11     | Noticed a skeletal warrior
 12397 | D:11     | Noticed a skeletal warrior
 12398 | D:11     | Noticed a skeletal warrior
 12438 | D:10     | Killed a skeletal warrior
 12875 | D:11     | Reached XP level 12. HP: 83/94 MP: 15/17
 12946 | D:11     | Noticed a six-headed hydra
 12952 | D:11     | Reached skill level 14 in Axes
 12958 | D:11     | Killed a two-headed hydra
 12963 | D:11     | Reached ***** piety under Okawaru
 13185 | D:11     | Killed a skeletal warrior
 13332 | D:11     | Found a staircase to the Lair.
 13669 | D:11     | Killed a skeletal warrior
 13669 | D:11     | Received a gift from Okawaru
 13877 | D:11     | Killed a skeletal warrior
 14523 | D:12     | Noticed Gastronok
 14537 | D:12     | Killed Gastronok
 14538 | D:12     | Reached skill level 15 in Axes
 15554 | D:12     | Found a portal to a secret trove of treasure.
 15683 | D:13     | Received a gift from Okawaru
 15718 | D:13     | Noticed a two-headed ogre
 15727 | D:13     | Killed a two-headed ogre
 15829 | D:13     | Noticed an eight-headed hydra
 15837 | D:13     | Killed a three-headed hydra
 15838 | D:13     | Reached XP level 13. HP: 33/101 MP: 16/19
 16435 | D:13     | Noticed a five-headed hydra
 16444 | D:13     | Killed a one-headed hydra
 16762 | D:14     | Found a shimmering blue altar of Sif Muna.
 16796 | D:14     | Noticed a boulder beetle
 16820 | D:14     | Killed a boulder beetle
 16881 | D:14     | HP: 2/95 [meliai (7)]
 16881 | D:14     | Slain by a meliai

Illustrated notes

Levels and vault maps discovered:
D:1:      erik_arrival_cave_to_civilisation [erik_arrival_cave_to_hall],
          layout_basic, minmay_tree_intersection
D:2:      layout_basic, hellmonk_ecumenical_altar_lost_god, uniq_robin,
          uniq_natasha, uniq_jessica
D:3:      minmay_bubble_buster, layout_basic, nicolae_ru_sacrificial_ziggurat
D:4:      layout_rooms
D:5:      cheibrodos_iron_armory, layout_rooms, uniq_edmund
D:6:      layout_basic, serial_shops, kennysheep_little_box, uniq_eustachio
D:7:      layout_gridville, minmay_temple_entry_arrows,
          chequers_serial_rivers_room_a
D:8:      layout_basic, uniq_erica
D:9:      minmay_bloctagon_deflated, layout_long_grid, uniq_maurice
D:10:     layout_long_grid, kennysheep_orc_monster_closet_entryway
D:11:     layout_long_grid, grunt_lair_entry_orc_guard_hut
D:12:     layout_long_grid, trove_entry_hex_spiral, uniq_gastronok
D:13:     layout_rooms
D:14:     layout_loops_ring, hangedman_vaults_entry_quadrant_bands,
          nicolae_dithmenos_the_darkroom, led_sif_book
Temple:   grunt_wide_crystal_templ

Skill      XL: |  1  2  3  4  5  6  7  8  9 10 11 12 13 |
---------------+----------------------------------------+-----
Armour         | 4 5 6 8 9 11 13 | 13.5
Fighting       | 4 5 6 7 8 9 |  9.7
Axes           | 3 5 6 7 9 11 13 15 | 15.6
Invocations    | 4 5 7 8 9 |  9.1
Shields        | |  3.6

Action                   |  1- 3 |  4- 6 |  7- 9 | 10-12 | 13-15 || total
-------------------------+-------+-------+-------+-------+-------++-------
Melee: War axe           |    53 |   192 |   135 |   324 |    26 ||   730
       Dire flail        |       |       |       |    31 |       ||    31
Invok: Heroism           |       |       |     1 |    20 |     2 ||    23
       Finesse           |       |       |       |     2 |     1 ||     3
 Abil: Shaft Self        |       |       |     1 |       |       ||     1
       Dig               |       |       |     1 |     4 |       ||     5
  Use: Scroll            |     6 |     4 |     4 |     3 |       ||    17
       Potion            |       |     1 |     8 |     2 |     1 ||    12
Armor: Scale mail        |    23 |       |       |       |       ||    23
       Chain mail        |     4 |    93 |    64 |     7 |    21 ||   189
       Plate armour      |       |       |    14 |   225 |       ||   239
Dodge: Dodged            |    27 |    76 |    70 |   141 |    20 ||   334
Block: Buckler           |    15 |    37 |    30 |    91 |     9 ||   182

Table legend: (Time is in decaauts)
 A = Elapsed time spent in this place.
 B = Non-inter-level travel time spent in this place.
 C = Inter-level travel time spent in this place.
 D = Time resting spent in this place.
 E = Time spent auto-exploring this place.
 F = Levels seen in this place.
 G = Mean time per level.
                   A        B        C        D        E       F      G
               +--------+--------+--------+--------+--------+-----+--------+
         Total |  16877 |  16080 |    797 |   3969 |   9553 |  15 | 1125.1 |
       Dungeon |  16805 |  16024 |    781 |   3969 |   9516 |  14 | 1200.4 |
        Temple |     71 |     55 |     16 |      0 |     37 |   1 |   71.0 |
               +--------+--------+--------+--------+--------+-----+--------+

Top non-repeatable levels by time:
    D:10: 1883 daAuts
     D:8: 1852 daAuts
     D:9: 1641 daAuts
    D:11: 1407 daAuts
     D:7: 1364 daAuts
    D:12: 1302 daAuts
     D:2: 1289 daAuts
     D:6: 1134 daAuts
    D:13: 1090 daAuts
     D:1: 1001 daAuts
     D:5: 942 daAuts
     D:3: 937 daAuts
     D:4: 839 daAuts
    D:14: 118 daAuts
  Temple: 71 daAuts
